 Dungeon Crawl Stone Soup version 0.29.1-4-g47bece8355 (webtiles) character file.

Game seed: 3373483761254404142

642 ChadusMaximus the Caller (level 7, -3/46 HPs)
             Began as a Human Summoner on Dec 7, 2022.
             Was an Initiate of Yredelemnul.
             Shot with an arrow by a centaur (14 damage)
             ... on level 5 of the Dungeon.
             The game lasted 00:10:22 (6644 turns).

ChadusMaximus the Caller (Human Summoner)           Turns: 6644, Time: 00:10:23

Health: -3/46      AC:  3    Str:  9    XL:     7   Next: 81%
Magic:  6/13       EV: 12    Int: 17    God:    Yredelemnul [......]
Gold:   335        SH:  0    Dex: 13    Spells: 8/14 levels left

rFire   . . .      SeeInvis .   h - +0 short sword
rCold   . . .      Faith    .   (no shield)
rNeg    . . .      Spirit   .   a - +0 robe
rPois   .          Reflect  .   f - +0 helmet
rElec   .          Harm     .   (no cloak)
rCorr   +          Rampage  .   (no gloves)
Will    .....                   (no boots)
Stlth   ++........              n - amulet of magic regeneration
HPRegen 0.15/turn               p - ring of resist corrosion
MPRegen 0.53/turn               (no ring)

@: no status effects
A: no striking features
a: Renounce Religion, Recall Undead Harvest


You were on level 5 of the Dungeon.
You worshipped Yredelemnul.
Yredelemnul was noncommittal.
You visited 2 branches of the dungeon, and saw 6 of its levels.

You collected 335 gold pieces.

Inventory:

Hand Weapons
 h - a +0 short sword (weapon)
Armour
 a - a +0 robe (worn)
 f - a +0 helmet (worn)
Magical Staves
 m - a staff of fire
Jewellery
 g - an amulet of faith
 n - an amulet of magic regeneration (around neck)
 p - a ring of resist corrosion (left hand)
Wands
 v - a wand of polymorph (9)
Scrolls
 e - 2 scrolls of teleportation {unknown}
 j - 2 scrolls of amnesia {unknown}
 l - 2 scrolls of identify {unknown}
 r - a scroll of silence {unknown}
 s - 2 scrolls of poison {unknown}
 t - a scroll of noise {unknown}
 u - a scroll of acquirement {unknown}
Potions
 b - a potion of magic
 c - 2 potions of might {unknown}
 d - a potion of brilliance {unknown}
 i - 3 potions of flight {unknown}
 k - a potion of berserk rage {unknown}
 o - 2 potions of resistance {unknown}
 q - 2 potions of mutation {unknown}


   Skills:
 - Level 2.5 Dodging
 - Level 2.6 Stealth
 + Level 4.4 Spellcasting
 * Level 7.3 Summonings


You had 8 spell levels left.
You knew the following spells:

 Your Spells              Type           Power      Damage    Failure   Level
a - Summon Small Mammal   Summ           100%       N/A       1%          1
b - Call Canine Familiar  Summ           28%        N/A       2%          3
c - Call Imp              Summ           28%        N/A       1%          2

Your spell library contained the following spells:

 Spells                   Type           Power      Damage    Failure   Level
 Summon Guardian Golem    Hex/Summ       16%        N/A       10%         3
 Summon Lightning Spire   Summ/Air       16%        N/A       32%         4
 Conjure Flame            Conj/Fire      3%         6-21      41%         3
 Ignite Poison            Fire/Tmut/Pois 3%         N/A       41%         3
 Ozocubu's Armour         Ice            3%         N/A       41%         3
 Airstrike                Air            1%         2d(1-17)  83%         4
 Sticky Flame             Conj/Fire      3%         2d3       83%         4
 Lightning Bolt           Conj/Air       1%         1d12      99%         5
 Metabolic Englaciation   Hex/Ice        1%         N/A       99%         5
 Simulacrum               Ice/Necr       Unusable   N/A       N/A         6

Dungeon Overview and Level Annotations

Branches:
Dungeon (5/15)             Temple (1/1) D:4

Altars:
Ashenzari
Cheibriados
Elyvilon
Fedhas
Gozag
Hepliaklqana
Kikubaaqudgha
Makhleb
Nemelex Xobeh
Okawaru
Qazlal
Ru
Sif Muna
Trog
Uskayaw
Vehumet
Wu Jian
Xom
Yredelemnul
Zin
The Shining One

Shops:
D:2 (


Message History

The centaur shoots an arrow.
The arrow closely misses you.
The centaur shoots an arrow.
The arrow barely misses you.
The centaur shoots an arrow.
The arrow hits you!
Items here: )) [[.
The centaur shoots an arrow.
The arrow hits you.
Casting: Call Canine Familiar (dangerous; 2% risk of failure)
Confirm with . or Enter, or press ? or * to list all spells.
The centaur shoots an arrow.
The arrow hits your hound!
Your hound dies!
Your hound's corpse disappears in a puff of smoke!
The centaur shoots an arrow.
The arrow misses you.
Casting: Call Canine Familiar (dangerous; 2% risk of failure)
Confirm with . or Enter, or press ? or * to list all spells.
The centaur unwields a +0 shortbow.
The centaur misses you. x2
You swap places.
The centaur wields a +0 shortbow.
The centaur shoots an arrow.
The arrow closely misses your hound. The arrow closely misses you.
Your hound bites the centaur.
The centaur shoots an arrow.
The arrow hits your hound.
Things that are here:
a +0 trident; a +0 ring mail
Casting: Call Canine Familiar (dangerous; 2% risk of failure)
Confirm with . or Enter, or press ? or * to list all spells.
The centaur shoots an arrow.
The arrow barely misses your hound. The arrow barely misses you.
The arrow hits your quokka!
Your quokka dies!
Your quokka's corpse disappears in a puff of smoke!
Your hound bites the centaur.
The centaur shoots an arrow.
The arrow hits your hound!
Your hound dies!
Your hound's corpse disappears in a puff of smoke!
Casting: Summon Small Mammal (safe; 1% risk of failure)
Confirm with . or Enter, or press ? or * to list all spells.
The centaur shoots an arrow.
The arrow closely misses you. The arrow hits your hound.
The centaur shoots an arrow.
The arrow hits you!
* * * LOW HITPOINT WARNING * * *
You swap places.
The centaur shoots an arrow.
The arrow hits your hound.
The centaur shoots an arrow.
The arrow closely misses your hound. The arrow hits you!
You die...
Your body rises from the dead as a mindless zombie.

#....#
###.##
#.#
#.#
#.#
#.#
#:#
#.#
#@#
#h#
#.#
#c#
#.#
#.#
#.#
#.#
#..


You could see a centaur (fast, ally target) and a friendly hound (summoned).

Vanquished Creatures
  An adder (D:2)
  2 dart slugs
  An orc (D:5)
  5 endoplasms
  A giant cockroach (D:3)
  2 hobgoblins (D:2)
  A jackal (D:2)
  A kobold (D:1)
  2 ball pythons (D:1)
  5 bats
  2 frilled lizards
  6 goblins
  11 rats
40 creatures vanquished.

Vanquished Creatures (collateral kills)
  Menkaure (D:4)
  A water moccasin (D:4)
  2 ogres
  A jelly (D:5)
  Terence (D:3)
  5 adders
  2 worms
  2 dart slugs
  9 orcs
  4 ball pythons
  3 bats
  6 endoplasms
  2 giant cockroaches (D:3)
  3 goblins
  3 hobgoblins
  6 jackals
  6 kobolds
  A quokka (D:3)
  5 frilled lizards
  2 rats
65 creatures vanquished.

Grand Total: 105 creatures vanquished

Notes
Turn   | Place    | Note
-------+----------+-------------------------------------------
     0 | D:1      | ChadusMaximus the Human Summoner began the quest for the
                  | Orb.
     0 | D:1      | Reached XP level 1. HP: 13/13 MP: 3/3
   288 | D:1      | Reached XP level 2. HP: 9/19 MP: 1/5
   693 | D:1      | Reached XP level 3. HP: 18/24 MP: 1/6
  1591 | D:1      | Found a faded altar of an unknown god.
  2367 | D:1      | Learned a level 3 spell: Call Canine Familiar
  2376 | D:1      | Learned a level 2 spell: Call Imp
  2385 | D:2      | Found a sparkling altar of Nemelex Xobeh.
  2450 | D:2      | Identified the +7 short sword of Quick Death {vorpal, rF+
                  | rN+ Stlth+}
  2488 | D:2      | Reached XP level 4. HP: 30/30 MP: 4/7
  2669 | D:2      | Found Hoydu's Antique Weapon Emporium.
  3478 | D:3      | Reached XP level 5. HP: 32/35 MP: 7/9
  3579 | D:3      | Noticed Terence
  3628 | D:3      | Killed Terence
  3629 | D:3      | Reached skill level 5 in Summonings
  4436 | D:3      | Noticed a water moccasin
  4436 | D:3      | Noticed an ogre
  4488 | D:4      | Killed a water moccasin
  4489 | D:4      | Reached XP level 6. HP: 19/41 MP: 6/11
  4491 | D:4      | Reached skill level 6 in Summonings
  5105 | D:4      | Noticed Menkaure
  5120 | D:4      | Killed Menkaure
  5121 | D:4      | Reached XP level 7. HP: 25/46 MP: 7/12
  5366 | D:4      | Found a staircase to the Ecumenical Temple.
  5512 | Temple   | Entered the Ecumenical Temple
  5846 | Temple   | Became a worshipper of Yredelemnul the Dark
  6355 | D:3      | Identified the +0 leather armour of the Beggar {Str+3}
  6470 | D:3      | Reached * piety under Yredelemnul
  6511 | D:5      | Entered Level 5 of the Dungeon
  6542 | D:5      | Reached skill level 7 in Summonings
  6644 | D:5      | Shot with an arrow by a centaur

Illustrated notes

Levels and vault maps discovered:
D:1:      dpeg_arrival_ratfight, layout_basic, nicolae_ecumenical_lake_church
D:2:      layout_rooms, serial_shops, nicolae_shop_hallway_stairs, basic_altar
D:3:      layout_basic, minmay_divided_ellipse, uniq_terence
D:4:      layout_cave_pods, minmay_temple_entry_poolview, uniq_menkaure
D:5:      layout_basic, serial_shops, nicolae_lakefront_shop, serial_glass,
          glass_columns_a, glass_columns_a
Temple:   kilobyte_greek_temple

Skill      XL: |  1  2  3  4  5  6  7 |
---------------+----------------------+-----
Spellcasting   | 3 4 |  4.4
Summonings     | 5 6 7 |  7.3
Dodging        | |  2.5
Stealth        | |  2.6

Action                   |  1- 3 |  4- 6 |  7- 9 || total
-------------------------+-------+-------+-------++-------
Melee: Unarmed           |    45 |       |       ||    45
       Short sword       |    78 |    89 |    23 ||   190
 Cast: Summon Small Mamm |    37 |    24 |    10 ||    71
       Call Canine Famil |     2 |    23 |    11 ||    36
       Call Imp          |       |     9 |     3 ||    12
 Stab: Distracted        |     1 |     1 |       ||     2
       Sleeping          |     4 |     1 |       ||     5
Armor: Robe              |    49 |    41 |     7 ||    97
Dodge: Dodged            |   100 |   127 |    25 ||   252
